 Dungeon Crawl Stone Soup version 0.19-a0-687-g35db334 (webtiles) character file.

74 LORDOFBUTT the Chopper (level 4, 0/34 HPs)
             Began as a Demonspawn Gladiator on June 19, 2016.
             Succumbed to an adder's poison
             ... on level 2 of the Dungeon.
             The game lasted 00:01:44 (1177 turns).

LORDOFBUTT the Chopper (Demonspawn Gladiator)       Turns: 1177, Time: 00:01:45

Health: 0/34       AC:  9    Str: 16    XL:     4   Next: 9%
Magic:  4/4        EV: 13    Int:  9    God:
Gold:   153        SH:  0    Dex: 14    Spells: 0 memorised, 3 levels left

rFire  + . .     SeeInvis .     a - +0 war axe
rCold  . . .     Gourm    .     b - +0 leather armour
rNeg   . . .     Faith    .     (no shield)
rPois  .         Spirit   .     c - +1 helmet
rElec  .         Dismiss  .     (no cloak)
rCorr  .         Reflect  .     (no gloves)
SustAt .         Harm     .     (no boots)
MR     .....                    (no amulet)
Stlth  +.........               (no ring)
                                (no ring)

@: lethally poisoned (0 -> -2), flying, very slightly contaminated, invisible,
not resistant to hostile enchantments, very unstealthy
A: iridescent scales 1, fire resistance 1
a: no special abilities


You were on level 2 of the Dungeon.
You were not hungry.

You visited 1 branch of the dungeon, and saw 2 of its levels.

You collected 153 gold pieces.

Inventory:

Hand Weapons
 a - a +0 war axe (weapon)
Missiles
 d - 3 throwing nets (quivered)
Armour
 b - a +0 leather armour (worn)
 c - a +1 helmet (worn)
 k - a +0 pair of gloves
Scrolls
 l - a scroll of identify {unknown}
Comestibles
 f - 3 bread rations
 i - a meat ration


   Skills:
 + Level 2.5 Fighting
 + Level 3.5 Axes
 + Level 1.8 Throwing
 + Level 0.5 Armour
 + Level 3.3 Dodging
 + Level 0.2 Stealth


You had 3 spell levels left.
You didn't know any spells.

Dungeon Overview and Level Annotations

Branches:
Dungeon (2/15)

Altars:


Innate Abilities, Weirdness & Mutations

You are partially covered in iridescent scales. (AC +4)
Your flesh is heat resistant. (rF+)


Message History

You hit the adder.
The adder is heavily wounded.
You catch the helpless giant gecko completely off-guard!
You hit the giant gecko.
You kill the giant gecko!
The adder bites you but does no damage. The jackal completely misses you.
The adder misses you. The quokka closely misses you.
You closely miss the adder.
The adder is heavily wounded.
You closely miss the jackal.
The jackal is lightly wounded.
You hit the quokka.
You kill the quokka!
The jackal barely misses you. The adder completely misses you.
The jackal barely misses you.
You barely miss the adder.
The adder is heavily wounded.
You closely miss the jackal.
The jackal is lightly wounded.
You die...

#......##### ...##...# #.##
#.>..### #.##...# #...
#....# #.##.#.# #### #....#
#####.##...# #....#
#..##.###..###### ######
#..##.####.....†.
#..##..###.....#.
#########....#.##........
#......h@..........†..###
#......†S..........#.).# ##
#........#####..##.......
...#....<...# ##......#.##
........>...# .........#
............# #.#....##.#
...#........# ##....##.. ..
.(.......)..##.....####....
...#.........?.##.#.


You could see an adder and a jackal.

Vanquished Creatures
  2 adders (D:2)
  An ooze (D:1)
  A worm (D:2)
  A dart slug (D:2)
  A giant gecko (D:2)
  3 bats
  2 giant cockroaches (D:1)
  9 goblins
  6 hobgoblins
  6 jackals
  3 kobolds
  A quokka (D:2)
  3 rats
  A fungus (D:2)
40 creatures vanquished.

Notes
Turn   | Place    | Note
--------------------------------------------------------------
     0 | D:1      | LORDOFBUTT the Demonspawn Gladiator began the quest for the Orb.
     0 | D:1      | Reached XP level 1. HP: 16/16 MP: 1/1
   118 | D:1      | Gained mutation: You are partially covered in iridescent scales. (AC +4) [demonic ancestry]
   118 | D:1      | Reached XP level 2. HP: 8/22 MP: 2/2
   610 | D:1      | Gained mutation: Your flesh is heat resistant. (rF+) [demonic ancestry]
   610 | D:1      | Reached XP level 3. HP: 21/27 MP: 3/3
  1171 | D:2      | Reached XP level 4. HP: 3/34 MP: 4/4
  1171 | D:2      | HP: 1/34 [giant gecko (1)]
  1177 | D:2      | Succumbed to an adder's poison

Vault maps used:
D:1:      dpeg_arrival_round_c, minmay_misc_feat_plants,
          minmay_misc_feat_four_crosses
D:2:      marbit_many_paths, minmay_gold_behind_fungi, minmay_door_square,
          hangedman_decor_peaks_small

Skill      XL: |  1  2 |
---------------+-------+-----
Axes           | 3 |  3.5
Dodging        | 3 |  3.3
Fighting       | |  2.5
Throwing       | |  1.8
Armour         | |  0.5
Stealth        | |  0.2

Action                   |  1- 3 |  4- 6 || total
-------------------------+-------+-------++-------
Melee: War axe           |   109 |     6 ||   115
  Use: Scroll            |     2 |       ||     2
       Potion            |     2 |       ||     2
 Stab: Sleeping          |     1 |       ||     1
       Invisible         |     2 |     4 ||     6
  Eat: Beef jerky        |     1 |       ||     1
Armor: Leather armour    |    45 |     2 ||    47
Dodge: Dodged            |   118 |    19 ||   137
